 Dungeon Sprint DCSS version 0.22.1-1-ga44c0e56f4 (webtiles) character file.

219 MuseOD the Spear-Bearer (level 5, -5/45 HPs)
             Began as a Merfolk Berserker on Oct 5, 2018.
             Was a Believer of Trog.
             Slain by a neqoxec (8 damage)
             ... in the Dungeon (Sprint II: "The Violet Keep of Menkaure").
             The game lasted 00:00:26 (270 turns).

MuseOD the Spear-Bearer (Merfolk Berserker)          Turns: 270, Time: 00:00:26

Health: -5/45      AC:  2    Str: 19    XL:     5   Next: 96%
Magic:  5/5        EV: 15    Int:  6    God:    Trog [**....]
Gold:   0          SH:  0    Dex: 13    Spells: 4/4 levels left

rFire    . . .     SeeInvis .   a - +0 spear
rCold    . . .     Gourm    .   (no shield)
rNeg     . . .     Faith    .   b - +0 animal skin
rPois    .         Spirit   .   (no helmet)
rElec    .         Reflect  .   (no cloak)
rCorr    .         Harm     .   (no gloves)
MR       .....     NoTele   +   (no boots)
Stlth    +.........             (no amulet)
HPRegen  0.15/turn              (no ring)
MPRegen  0.09/turn              (no ring)

@: berserk cooldown, hasted and slowed
A: change form in water, swift swim, stealthy swim, frail 1
a: Berserk, Trog's Hand, Renounce Religion


You were in the Dungeon.
You worshipped Trog.
Trog was pleased with you.
You were not hungry.

You visited 1 branch

Inventory:

Hand Weapons
 a - a +0 spear (weapon)
Armour
 b - a +0 animal skin (worn)
Scrolls
 i - a scroll of blinking
Potions
 d - a potion of curing
 e - a potion of heal wounds
 g - 2 potions of magic
 h - a potion of berserk rage
Comestibles
 c - a ration


   Skills:
 + Level 8.7 Fighting
 + Level 11.3 Polearms
 + Level 3.1 Armour
 + Level 5.5 Dodging


You had 4 spell levels left.
You didn't know any spells.
Your spell library was empty.

Dungeon Overview and Level Annotations

Branches:
Dungeon (1/1)

Altars:


Innate Abilities, Weirdness & Mutations

You revert to your normal form in water.
You are very nimble and swift while swimming.
You are very stealthy in the water. (Stealth+)
You are frail. (-10% HP)


Message History

The neqoxec is heavily wounded.
The ufetubus hits you but does no damage.
The ufetubus barely misses you. The neqoxec hits you.
The ufetubus barely misses you. The ufetubus misses you.
You closely miss the neqoxec.
The neqoxec is heavily wounded.
The ufetubus barely misses you. The ufetubus hits you.
The neqoxec gestures.
You hit the neqoxec but do no damage.
The neqoxec is heavily wounded.
The ufetubus hits you but does no damage.
The ufetubus misses you. The neqoxec hits you!
* * * LOW HITPOINT WARNING * * *
Unknown command.
You feel yourself speed up. The ufetubus misses you.
The ufetubus barely misses you. The ufetubus hits you.
* * * LOW HITPOINT WARNING * * *
The ufetubus hits you but does no damage.
The neqoxec hits you!
You die...

## ## #+#
#.##..#
##.###..#..#
+.<5@##$33.#
##.##3#.#
#'###3##
#.#.#### #..
..# ### ###


You could see 2 neqoxecs and an ufetubus.

Vanquished Creatures
  A neqoxec (D)
  4 worker ants (D)
5 creatures vanquished.

Vanquished Creatures (others)
  A crocodile (D)
1 creature vanquished.

Grand Total: 6 creatures vanquished

Notes
Turn   | Place    | Note
-------+----------+-------------------------------------------
     0 | D        | MuseOD the Merfolk Berserker began the quest for the Orb.
     0 | D        | Reached XP level 1. HP: 18/18 MP: 1/1
     1 | D        | Noticed a worker ant
     1 | D        | Noticed a worker ant
     1 | D        | Noticed a worker ant
     1 | D        | Noticed a worker ant
     7 | D        | Killed a worker ant
     7 | D        | Reached skill level 5 in Fighting
     7 | D        | Reached skill level 6 in Polearms
     7 | D        | Reached XP level 2. HP: 27/27 MP: 2/2
    11 | D        | Reached skill level 7 in Polearms
    11 | D        | Reached XP level 3. HP: 34/34 MP: 3/3
    14 | D        | Reached ** piety under Trog
    14 | D        | Reached skill level 8 in Polearms
    14 | D        | Reached XP level 4. HP: 38/41 MP: 4/4
    18 | D        | Reached skill level 9 in Polearms
    28 | D        | Killed a crocodile
   238 | D        | Noticed a neqoxec
   248 | D        | Killed a neqoxec
   248 | D        | Reached skill level 11 in Polearms
   248 | D        | Reached skill level 5 in Dodging
   248 | D        | Reached XP level 5. HP: 51/51 MP: 5/5
   250 | D        | Noticed a neqoxec
   250 | D        | Noticed a neqoxec
   251 | D        | Noticed a neqoxec
   262 | D        | Gained mutation: You are frail. (-10% HP) [a neqoxec]
   270 | D        | Slain by a neqoxec

Skill      XL: |  1  2  3  4 |
---------------+-------------+-----
Fighting       | 5 6 8 |  8.7
Polearms       | 6 7 8 11 | 11.3
Dodging        | 3 4 5 |  5.5
Armour         | 2 3 |  3.1

Action                   |  1- 3 |  4- 6 || total
-------------------------+-------+-------++-------
Melee: Spear             |    12 |    27 ||    39
Invok: Berserk           |     1 |     1 ||     2
  Use: Potion            |       |     1 ||     1
Armor: Animal skin       |       |     3 ||     3
Dodge: Dodged            |     2 |    27 ||    29
